AoeStats
← xXlinkdu34Xx

Arena

508459917Analyzed
2v2 RM · 9d ago on Sep 22, 2026· 52m 54s· 4 players
Game mode
Random Map
Map size
Medium (4 player)
Population
200
Speed
Normal
Resources
Standard
Victory
Conquest
Starting age
Dark Age
Ending age
Imperial Age
RankedLock teamsTeams togetherTeam positionsShared explorationLock speedFull tech treeHidden civsTurbo modeCheats
Victory
Defeat
🇫🇷 Romans · France
1074
+17
🇫🇷 Khmer · France
1046
+18
🇮🇳 Jurchens · India
1131
-19
🇮🇳 Italians · India
1062
-16
xXlinkdu34Xx
8:38 Loom
11:38 Feudal Age
12:20 Double-Bit Axe
12:17 Horse Collar
12:35 Gold Mining
14:01 Wheelbarrow
19:43 Castle Age
18:05 Scale Mail Armor
17:52 Man-at-Arms
19:03 Forging
19:48 Long Swordsman
21:03 Chain Mail Armor
23:40 Squires
25:25 Gold Shaft Mining
26:17 Hand Cart
26:45 Stone Mining
32:19 Ballistics
32:09 Masonry
32:47 Bow Saw
32:42 Heavy Plow
32:51 Fletching
38:17 Ballistas
39:23 Iron Casting
42:22 Imperial Age
40:54 Bodkin Arrow
41:05 Scale Barding Armor
41:04 Husbandry
41:52 Bloodlines
41:34 Pikeman
42:22 Padded Archer Armor
43:14 Fortified Wall
43:15 Town Watch
44:36 Blast Furnace
45:07 Crop Rotation
44:31 Capped Ram
45:57 Heavy Scorpion
48:03 Siege Engineers
48:28 Conscription
48:37 Conscription
48:34 Legionary
50:51 Halberdier
54:14 Chemistry
53:10 Murder Holes
53:45 Architecture
Turtle
10:11 Feudal Age
15:42 Castle Age
14:17 Double-Bit Axe
15:22 Wheelbarrow
15:23 Horse Collar
22:40 Bow Saw
23:41 Gold Mining
28:03 Imperial Age
26:17 Gold Shaft Mining
27:18 Fletching
28:05 Ballistics
30:06 Chemistry
29:03 Bodkin Arrow
28:43 Capped Ram
29:52 Siege Ram
30:29 Light Cavalry
31:20 Bloodlines
31:11 Husbandry
32:02 Hussar
32:50 Heavy Scorpion
36:32 Elite Battle Elephant
42:41 Man-at-Arms
44:56 Long Swordsman
45:42 Two-Handed Swordsman
47:23 Double Crossbow
50:57 Caravan
50:48 Pikeman
ANGELSK3956
10:29 Feudal Age
14:04 Castle Age
14:01 Scale Mail Armor
14:51 Loom
22:20 Double-Bit Axe
26:22 Horse Collar
26:52 Town Watch
27:42 Forging
36:09 Wheelbarrow
39:15 Bow Saw
39:27 Hand Cart
43:15 Heavy Plow
46:16 Imperial Age
43:43 Gold Mining
43:43 Stone Mining
45:22 Siege Engineers
46:17 Scale Barding Armor
46:48 Iron Casting
46:37 Murder Holes
46:55 Elite Steppe Lancer
47:36 Husbandry
47:46 Bloodlines
49:45 Blast Furnace
52:06 Chain Barding Armor
Sythe
10:15 Feudal Age
13:58 Castle Age
11:55 Double-Bit Axe
12:57 Horse Collar
14:09 Wheelbarrow
15:29 Bow Saw
15:58 Heavy Plow
20:39 Loom
24:50 Stone Mining
24:55 Gold Mining
29:00 Imperial Age
27:33 Hand Cart
27:29 Forging
28:15 Squires
28:00 Arson
29:07 Iron Casting
28:33 Scale Mail Armor
29:55 Onager
29:55 Capped Ram
32:25 Chemistry
32:01 Fortified Wall
32:12 Ballistics
35:20 Pikeman
37:19 Scale Barding Armor
38:15 Blast Furnace
37:29 Husbandry
37:40 Bloodlines
36:50 Light Cavalry
37:21 Treadmill Crane
42:46 Chain Mail Armor
42:26 Hussar
Connection lost

Rejoining the realm…

Still unreachable

The connection could not be restored.

Session expired

The server has moved on; the page needs a fresh start.